 Dungeon Crawl Stone Soup version 0.20-a0-492-g6327889 (webtiles) character file.

347 Klosterheim the Slasher (level 6, -1/51 HPs)
             Began as a Draconian Fighter on Jan 15, 2017.
             Slain by an orc
             ... wielding a +0 trident
              (9 damage)
             ... on level 4 of the Dungeon.
             The game lasted 00:05:00 (2917 turns).

Klosterheim the Slasher (Draconian Fighter)         Turns: 2917, Time: 00:05:01

Health: -1/51      AC:  8    Str: 21    XL:     6   Next: 33%
Magic:  6/6        EV: 10    Int:  8    God:
Gold:   167        SH:  0    Dex: 10    Spells: 5/5 levels left

rFire    . . .     SeeInvis .   a - +0 long sword
rCold    . . .     Gourm    .   (armour unavailable)
rNeg     . . .     Faith    .   b - +0 shield
rPois    .         Spirit   .   (helmet restricted)
rElec    .         Reflect  .   k - +0 cloak
rCorr    .         Harm     .   (no gloves)
MR       .....                  r - +0 pair of boots
Stlth    +.........             (no amulet)
Regen    0.1/turn               (no ring)
                                (no ring)

@: confused
A: unfitting armour, cold-blooded, AC +6
a: no special abilities


You were on level 4 of the Dungeon.
You were not hungry.

You visited 1 branch of the dungeon, and saw 4 of its levels.

You collected 167 gold pieces.

Inventory:

Hand Weapons
 a - a +0 long sword (weapon)
Armour
 b - a +0 shield (worn)
 k - a +0 cloak (worn)
 r - a +0 pair of boots (worn)
Wands
 w - a wand of paralysis (5/24)
Scrolls
 e - 2 scrolls of fear {unknown}
 g - 3 scrolls of identify {unknown}
 h - a scroll of random uselessness {unknown}
 j - 3 scrolls of immolation {unknown}
 s - 2 scrolls of recharging {unknown}
 x - a scroll of amnesia {unknown}
Potions
 c - 4 potions of might
 f - a potion of degeneration {unknown}
 i - 2 potions of flight {unknown}
 o - 2 potions of ambrosia {unknown}
 t - 2 potions of heal wounds {unknown}
 u - a potion of beneficial mutation {unknown}
 v - a potion of brilliance {unknown}
Comestibles
 d - 2 bread rations
 l - a beef jerky
 m - a meat ration
 n - a slice of pizza
 p - 7 fruits
 q - 9 chunks of flesh


   Skills:
 - Level 3.2 Fighting
 * Level 6.8 Long Blades
 - Level 2.6 Dodging
 - Level 3.0 Shields


You had 5 spell levels left.
You didn't know any spells.

Dungeon Overview and Level Annotations

Branches:
Dungeon (4/15)
 Temple: D:4-7

Altars:
Nemelex Xobeh

Shops:
D:4 (


Innate Abilities, Weirdness & Mutations

Your plain brown scales are hard. (AC +6)
You cannot fit into any form of body armour.
You are cold-blooded and may be slowed by cold attacks.


Message History

You hear some strange, mumbled words.
A magic dart appears from out of thin air!
The magic dart hits you! You block the orc's attack.
You miss something. You block something's attack.
The orc hits you from afar with a trident.
You closely miss something. You tail-slap something.
You hear some strange, mumbled words.
You are confused.
The orc hits you from afar with a trident!
Your shield prevents you from hitting something.
Something hits you but does no damage. The orc misses you.
A magic dart appears from out of thin air!
The magic dart hits you!
* * * LOW HITPOINT WARNING * * *
You bump into the rock wall.
You barely miss something. You tail-slap something.
Reactivating autopickup.
You feel a bit more experienced.
The orc hits you from afar with a trident!
You die...

..........########
#########.# #......####
####.........## #
..##......##..##### ..
#.........###..>..#### ...
####...........#.....#o..
.#............##.###...#
...#......##.###@###...#.#
#)##......##.....)oo.....#
#.#####.....<...#####.....
..).....######.. ...
.....##.### ...# .
.......... .... .....#..#
#..#. .^...#..###....
###...........#


You could see 2 orcs.

Vanquished Creatures
  3 orc wizards
  Crazy Yiuf (D:2)
  A gnoll shaman (D:4)
  A worker ant (D:4)
  A hound skeleton (D:4)
  3 gnolls (D:4)
  6 adders
  An ooze (D:1)
  4 worms
  2 dart slugs
  4 leopard geckos
  4 orcs
  8 bats
  4 giant cockroaches
  5 goblins
  7 hobgoblins (D:2)
  5 jackals
  6 kobolds
  A quokka (D:4)
  6 frilled lizards
  4 rats
77 creatures vanquished.

Notes
Turn   | Place    | Note
-------+----------+-------------------------------------------
     0 | D:1      | Klosterheim the Draconian Fighter began the quest for the Orb.
     0 | D:1      | Reached XP level 1. HP: 19/19 MP: 1/1
   283 | D:1      | Reached XP level 2. HP: 26/26 MP: 2/2
   311 | D:1      | Reached skill level 3 in Long Blades
   547 | D:2      | Reached XP level 3. HP: 27/31 MP: 3/3
   784 | D:2      | Reached skill level 4 in Long Blades
  1127 | D:2      | Found a runed door.
  1215 | D:2      | Reached XP level 4. HP: 33/38 MP: 4/4
  1267 | D:2      | Found a sparkling altar of Nemelex Xobeh.
  1626 | D:2      | Noticed Crazy Yiuf
  1632 | D:2      | Killed Crazy Yiuf
  1632 | D:2      | Reached skill level 5 in Long Blades
  1666 | D:3      | Found a faded altar of an unknown god.
  2232 | D:3      | Reached XP level 5. HP: 31/45 MP: 5/5
  2541 | D:4      | Found Juiczamn's Antique Weapon Emporium.
  2590 | D:4      | Reached skill level 6 in Long Blades
  2634 | D:4      | Reached XP level 6. HP: 38/51 MP: 6/6
  2917 | D:4      | Slain by an orc

Vault maps used:
D:1:      onia_arrival_pyramid
D:2:      lemuel_doored_altar, minmay_door_square, minmay_tetromino_o2,
          uniq_crazy_yiuf_cottage
D:3:      chequers_ecumenical_altar_simple, first_bread
D:4:      marbit_many_paths, serial_shops, nicolae_shop_stone

Skill      XL: |  1  2  3  4  5 |
---------------+----------------+-----
Long Blades    | 3 4 5 6 |  6.8
Fighting       | |  3.2
Dodging        | |  2.6
Shields        | |  3.0

Action                   |  1- 3 |  4- 6 || total
-------------------------+-------+-------++-------
Melee: Long sword        |    87 |   157 ||   244
       Tailslap          |     5 |    20 ||    25
  Use: Scroll            |     1 |     1 ||     2
       Potion            |       |     1 ||     1
 Stab: Sleeping          |     1 |     1 ||     2
  Eat: Chunk             |     1 |     6 ||     7
Armor: Skin              |    29 |    35 ||    64
Dodge: Dodged            |    33 |    57 ||    90
Block: Shield            |    35 |    86 ||   121
       Rpst.: Long sword |    14 |    15 ||    29
